 Dungeon Crawl Stone Soup version 0.24.0-10-g970556be89 (webtiles) character file.

Game seed: 17290494418268813310, levelgen mode: deterministic

87 Emblim88 the Shooter (level 4, -4/36 HPs)
             Began as a Centaur Arcane Marksman on Nov 3, 2019.
             Was an Initiate of the Shining One.
             Slain by an orc
             ... wielding a +0 trident
              (7 damage)
             ... on level 3 of the Dungeon.
             The game lasted 00:09:08 (3113 turns).

Emblim88 the Shooter (Centaur Arcane Marksman)      Turns: 3113, Time: 00:09:08

Health: -4/36      AC:  7    Str: 13    XL:     4   Next: 28%
Magic:  6/6        EV:  3    Int: 12    God:    the Shining One [......]
Gold:   79         SH:  0    Dex: 10    Spells: 3/6 levels left

rFire    . . .     SeeInvis .   f - +4 trident
rCold    . . .     Gourm    .   (no shield)
rNeg     . . .     Faith    .   p - +0 chain mail
rPois    .         Spirit   .   (no helmet)
rElec    .         Reflect  .   (no cloak)
rCorr    .         Harm     .   (no gloves)
MR       .....                  (no barding)
Stlth    ..........             (no amulet)
HPRegen  0.12/turn              (no ring)
MPRegen  0.10/turn              (no ring)

@: glowing, very quick
A: large, hooves 3, deformed body, speed 2, tough skin 3
a: Renounce Religion


You were on level 3 of the Dungeon.
You worshipped the Shining One.
The Shining One was noncommittal.
You were not hungry.

You visited 1 branch of the dungeon, and saw 3 of its levels.

You collected 79 gold pieces.

Inventory:

Hand Weapons
 a - a +0 shortbow
 f - a +4 trident (weapon)
Missiles
 h - 41 stones (quivered)
 j - 8 sling bullets
Armour
 p - a +0 chain mail (worn)
Wands
 o - a wand of enslavement (4)
Scrolls
 e - a scroll of noise
 i - a scroll of teleportation
 k - a scroll of enchant armour {unknown}
 l - a scroll of identify {unknown}
 m - a scroll of enchant weapon {unknown}
 n - a scroll of amnesia {unknown}
Potions
 b - a potion of lignification {unknown}
 c - 2 potions of flight {unknown}
 g - 3 potions of curing {unknown}
 q - a potion of brilliance {unknown}


   Skills:
 + Level 2.0 Fighting
 + Level 3.6 Bows
 - Level 1.3 Dodging
 + Level 1.7 Spellcasting
 + Level 3.1 Hexes
 + Level 0.9 Invocations
 + Level 0.7 Evocations


You had 3 spell levels left.
You knew the following spells:

 Your Spells              Type           Power        Failure   Level  Hunger
a - Corona                Hex            #......      96%         1    ##.....
b - Slow                  Hex            #.......     99%         2    ###....

Your spell library contained the following spells:

 Spells                   Type           Power        Failure   Level  Hunger
 Inner Flame              Hex/Fire       #.......     100%        3    ####...
 Portal Projectile        Hex/Tloc       #.....       100%        3    ####...
 Cause Fear               Hex            #.........   100%        4    #####..
 Leda's Liquefaction      Hex/Erth       #.........   100%        4    #####..


Dungeon Overview and Level Annotations

Branches:
Dungeon (3/15)

Altars:
The Shining One


Innate Abilities, Weirdness & Mutations

You have hooves in place of feet.
Armour fits poorly on your strangely shaped body.
You cover ground very quickly.
You have extremely tough skin. (AC +3)


Message History

You throw a stone.
The stone hits the orc but does no damage.
The orc is lightly wounded.
The orc hits you but does no damage. x2
Throwing (i - inventory)
h - 43 stones (quivered)
Press: ? - help, Shift-Dir - straight line, f/p - orc
Aim: an orc, wielding a +0 mace and wearing a +0 ring mail (lightly wounded)
You throw a stone. The stone closely misses the orc.
The orc hits you from afar with a +0 trident.
* * * LOW HITPOINT WARNING * * *
Unknown command.
Throwing (i - inventory)
h - 42 stones (quivered)
Press: ? - help, Shift-Dir - straight line, f/p - orc
Aim: an orc, wielding a +0 mace and wearing a +0 ring mail (lightly wounded)
You throw a stone.
The stone hits the orc but does no damage.
The orc is lightly wounded.
The orc hits you but does no damage.
The orc hits you from afar with a +0 trident!
You die...

.# .# ..
.## .(#
o(#
###o(#.#..
#<@......#
###..#.###
#.# .(.
..( .### .
..


You could see 2 orcs.

Vanquished Creatures
  Terence (D:2)
  An adder (D:2)
  An ooze (D:2)
  A worm (D:2)
  2 dart slugs
  2 leopard geckos
  An orc (D:3)
  2 bats (D:1)
  A giant cockroach (D:1)
  5 hobgoblins
  4 kobolds
  A quokka (D:2)
  3 frilled lizards
  6 goblins
  8 rats
39 creatures vanquished.

Notes
Turn   | Place    | Note
-------+----------+-------------------------------------------
     0 | D:1      | Emblim88 the Centaur Arcane Marksman began the quest for
                  | the Orb.
     0 | D:1      | Reached XP level 1. HP: 16/16 MP: 2/2
   235 | D:1      | Reached XP level 2. HP: 23/23 MP: 1/3
  1016 | D:1      | Reached XP level 3. HP: 29/29 MP: 3/5
  1035 | D:1      | Learned a level 2 spell: Slow
  1113 | D:1      | Found a glowing golden altar of the Shining One.
  1120 | D:1      | Became a worshipper of the Shining One
  1269 | D:2      | Noticed Terence
  1913 | D:2      | Killed Terence
  2206 | D:2      | Reached XP level 4. HP: 36/36 MP: 6/6
  3113 | D:3      | Slain by an orc

Levels and vault maps discovered:
D:1:      scummos_arrival_simple_crosswalls, layout_basic, tso_altar
D:2:      layout_loops_corners, grunt_ministairs_1,
          chequers_serial_rivers_micro_a, hangedman_decor_growths,
          chequers_big_river, minmay_strange_pillars, uniq_terence
D:3:      minmay_skewed_foursquare, layout_basic, uniq_jessica

Skill      XL: |  1  2  3 |
---------------+----------+-----
Bows           | 3 |  3.6
Hexes          | 3 |  3.1
Fighting       | 2 |  2.0
Dodging        | |  1.3
Spellcasting   | |  1.7
Invocations    | |  0.9
Evocations     | |  0.7

Action                   |  1- 3 |  4- 6 || total
-------------------------+-------+-------++-------
Melee: Trident           |       |     3 ||     3
 Fire: Shortbow          |   140 |    16 ||   156
Throw: Stone             |     8 |    19 ||    27
 Cast: Corona            |    19 |       ||    19
       Slow              |    10 |       ||    10
Evoke: Wand              |     1 |       ||     1
  Use: Scroll            |       |     2 ||     2
  Eat: Ration            |     2 |       ||     2
       Chunk             |     1 |       ||     1
Armor: Robe              |    16 |       ||    16
       Chain mail        |     4 |    17 ||    21
Dodge: Dodged            |    26 |     5 ||    31
